AoeStats
← NPG | Shimishi Maki

African Clearing

506963249Analyzed
4v4 RM · 16d ago on Sep 16, 2026· 58m 56s· 8 players
Game mode
Random Map
Map size
Large (8 player)
Population
200
Speed
Normal
Resources
Standard
Victory
Conquest
Starting age
Dark Age
Ending age
Imperial Age
RankedLock teamsTeams togetherTeam positionsShared explorationLock speedFull tech treeHidden civsTurbo modeCheats
Victory
Defeat
🇨🇱 Spanish · Chile
1655
+9
🇨🇱 Lithuanians · Chile
1581
+11
1510
+14
1077
+29
🇹🇷 Malians · Türkiye
1521
-18
🇦🇷 Turks · Argentina
1514
-17
🇨🇦 Koreans · Canada
1432
-15
🇨🇱 Tatars · Chile
1381
-13
NPG | NUNCAPUEDOGANAR
15:58 Feudal Age
17:31 Gold Mining
21:25 Man-at-Arms
21:52 Arson
23:18 Scale Mail Armor
34:52 Fletching
35:10 Loom
38:11 Padded Archer Armor
43:54 Wheelbarrow
47:16 Castle Age
47:21 Crossbowman
51:12 Bodkin Arrow
58:46 Ballistics
58:48 Leather Archer Armor
NPG | ChupaloAlexitico
11:43 Feudal Age
10:35 Loom
13:08 Double-Bit Axe
15:42 Fletching
23:04 Castle Age
21:31 Town Watch
22:04 Padded Archer Armor
21:56 Horse Collar
23:45 Bodkin Arrow
23:11 Crossbowman
24:17 Leather Archer Armor
30:18 Bow Saw
31:00 Wheelbarrow
33:11 Ballistics
34:23 Chemistry
36:29 Husbandry
40:30 Imperial Age
39:12 Heavy Plow
40:58 Arbalester
42:47 Two-Man Saw
45:08 Hand Cart
46:00 Conscription
46:33 Bracer
46:15 Treadmill Crane
49:17 Conscription
58:37 Hussite Reforms
59:01 Fervor
59:12 Sanctity
benja23
8:35 Loom
11:23 Feudal Age
12:14 Double-Bit Axe
13:45 Forging
24:03 Castle Age
21:53 Horse Collar
23:29 Scale Barding Armor
23:41 Bloodlines
24:08 Light Cavalry
32:30 Husbandry
39:18 Wheelbarrow
43:24 Imperial Age
42:05 Gold Mining
42:06 Stone Mining
43:15 Chain Barding Armor
44:54 Plate Barding Armor
44:30 Cavalier
48:34 Iron Casting
47:43 Paladin
50:35 Conscription
NPG | Shimishi Maki
12:50 Loom
14:54 Feudal Age
20:07 Wheelbarrow
22:19 Castle Age
23:29 Double-Bit Axe
29:59 Town Watch
30:54 Horse Collar
34:17 Wheelbarrow
40:13 Imperial Age
39:43 Fletching
42:50 Chemistry
42:19 Bodkin Arrow
42:24 Padded Archer Armor
43:08 Bracer
43:30 Masonry
43:41 Ballistics
43:56 Leather Archer Armor
43:23 Elite Skirmisher
45:47 Ring Archer Armor
46:55 Scale Barding Armor
48:02 Bloodlines
47:53 Husbandry
48:26 Bow Saw
50:44 Supremacy
50:44 Conscription
50:49 Heavy Plow
51:51 Two-Man Saw
51:50 Hand Cart
51:49 Elite Conquistador
53:57 Light Cavalry
54:43 Scale Barding Armor
54:49 Forging
55:55 Chain Barding Armor
55:25 Hussar
56:06 Gold Mining
56:07 Stone Mining
58:53 Stone Shaft Mining
NPG | CanuTo SionisTa
7:34 Loom
12:54 Feudal Age
15:40 Town Watch
18:16 Scale Barding Armor
25:39 Bloodlines
25:49 Fletching
26:03 Double-Bit Axe
30:58 Castle Age
31:59 Bodkin Arrow
32:47 Bow Saw
34:49 Chain Barding Armor
35:18 Wheelbarrow
36:48 Husbandry
37:06 Forging
41:55 Stone Mining
50:44 Gold Mining
52:24 Ballistics
53:22 Pikeman
54:02 Squires
53:48 Arson
54:06 Scale Mail Armor
54:18 Elite Skirmisher
58:38 Imperial Age
MinorCloud9519
10:47 Loom
11:53 Loom
14:22 Feudal Age
15:32 Town Watch
18:08 Castle Age
17:54 Forging
17:25 Horse Collar
17:34 Double-Bit Axe
19:17 Bow Saw
21:25 Horse Collar
23:39 Heavy Plow
25:21 Squires
25:08 Arson
25:38 Gold Mining
27:09 Fletching
27:22 Scale Mail Armor
28:16 Iron Casting
28:44 Wheelbarrow
30:35 Chain Mail Armor
33:25 Bodkin Arrow
38:44 Imperial Age
37:41 Stone Mining
38:26 Gold Shaft Mining
38:38 Hand Cart
38:45 Treadmill Crane
39:51 Conscription
41:02 Chemistry
40:40 Plate Mail Armor
45:52 Ballistics
45:40 Elite Gbeto
48:10 Farimba
49:02 Tigui
52:17 Scale Barding Armor
53:20 Bloodlines
52:41 Heavy Camel Rider
54:07 Husbandry
54:29 Chain Barding Armor
56:03 Plate Barding Armor
Squittlez
3:09 Loom
12:22 Feudal Age
13:07 Double-Bit Axe
16:11 Gold Mining
18:54 Fletching
25:12 Castle Age
26:04 Bodkin Arrow
25:30 Crossbowman
36:41 Horse Collar
38:51 Wheelbarrow
46:08 Imperial Age
47:50 Imperial Age
45:55 Ballistics
47:17 Town Watch
50:30 Bow Saw
50:20 Heavy Plow
50:56 Gold Shaft Mining
53:34 Imperial Age
Casitas Voy
4:14 Loom
13:11 Feudal Age
13:16 Man-at-Arms
14:05 Arson
19:24 Double-Bit Axe
26:46 Castle Age
37:58 Fletching
38:18 Town Watch
41:47 Imperial Age
41:03 Bow Saw
41:53 Bloodlines
42:38 Scale Barding Armor
45:24 Chain Barding Armor
46:11 Bodkin Arrow
47:16 Heavy Camel Rider
48:32 Plate Barding Armor
54:22 Forging
Connection lost

Rejoining the realm…

Still unreachable

The connection could not be restored.

Session expired

The server has moved on; the page needs a fresh start.